 Dungeon Crawl Stone Soup version 0.16.1-2-g95b8d4c (webtiles) character file.

150565 Xorborg the Reanimator (level 16, -12/140 HPs)
             Began as a Deep Dwarf Necromancer on Mar 24, 2015.
             Was the Champion of Yredelemnul.
             Mangled by an alligator snapping turtle (34 damage)
             ... on level 4 of the Shoals on Mar 25, 2015.
             The game lasted 07:15:21 (37799 turns).

Xorborg the Reanimator (Deep Dwarf Necromancer)    Turns: 37799, Time: 07:15:27

Health: -12/140    AC: 22    Str: 14    XL:     16   Next: 69%
Magic:  49/49      EV: 17    Int: 25    God:    Yredelemnul [******]
Gold:   1622       SH: 11    Dex: 16    Spells: 8 memorised, 13 levels left

rFire  . . .     SeeInvis .     E - +6 trident (protect)
rCold  . . .     Clarity  .     k - +5 leather armour of the Storm King {Dex+4}
rNeg   + + .     SustAb   .     Q - +2 shield
rPois  .         Gourm    .     P - +3 hat of Pondering {ponderous, MR+ MP+10 Int+5}
rElec  .         Spirit   .     D - +1 cloak
rCorr  .         Warding  +     u - +0 pair of gloves
rMut   .         Stasis   .     y - +1 pair of boots
MR     +++..                    S - amulet of warding
Stlth  ++++......               e - ring of wizardry
                                c - ring of magical power

@: non-regenerating, wreathed by umbra, slow, extremely resistant to hostile
enchantments, stealthy
A: damage resistance, recharge devices, clumsy 1, low mp 1, negative energy
resistance 1, sense surroundings 2, slow healing 3
a: Device Recharging, Animate Dead, Recall Undead Slaves, Injury Mirror, Drain
Life, Enslave Soul, Renounce Religion
}: 1/15 runes: gossamer


You were on level 4 of the Shoals.
You worshipped Yredelemnul.
Yredelemnul was exalted by your worship.
You were not hungry.

You visited 7 branches of the dungeon, and saw 38 of its levels.
You also visited: Ossuary.

You collected 3516 gold pieces.
You spent 1894 gold pieces at shops.

Inventory:

Hand weapons
 l - a +0 quarterstaff of draining
 E - a +6 trident of protection (weapon)
Missiles
 N - 11 javelins (quivered)
Armour
 i - a +2 buckler
 k - the +5 leather armour of the Storm King (worn) {Dex+4}
   (You found it on level 4 of the Dungeon)

   It affects your dexterity (+4).
 u - a +0 pair of gloves (worn)
 y - a +1 pair of boots (worn)
 D - a +1 cloak (worn)
 P - the +3 hat of Pondering (worn) {ponderous, MR+ MP+10 Int+5}
   (You took it off Gastronok on level 2 of the Lair of Beasts)

   It affects your intelligence (+5).
   It affects your resistance to hostile enchantments.
   It affects your magic capacity (+10).
 Q - a +2 shield (worn)
 T - a +1 hat
Jewellery
 c - a ring of magical power (left hand)
 e - a ring of wizardry (right hand)
 m - an uncursed ring of wizardry
 S - an amulet of warding (around neck)
Magical devices
 t - a wand of lightning (1)
 w - a wand of draining (5)
 F - a wand of heal wounds (1)
 H - a wand of random effects (17)
 I - a wand of polymorph (8)
 M - a wand of digging (12)
Scrolls
 a - 7 scrolls of teleportation
 n - 7 scrolls of identify
 o - a scroll of fear
 p - 8 scrolls of magic mapping
 B - a scroll of fog
 G - a scroll of remove curse
 K - 4 scrolls of blinking
 R - 5 scrolls of recharging
 U - a scroll of silence
Potions
 b - a potion of mutation
 j - 18 potions of curing
 q - a potion of cancellation
 r - a potion of magic
 s - 2 potions of flight
 v - 9 potions of brilliance
 x - 4 potions of heal wounds
 z - 2 potions of restore abilities
 C - a potion of invisibility
 J - 3 potions of ambrosia
 O - a potion of might
 V - a potion of cure mutation
 Y - 3 potions of resistance
Miscellaneous
 f - a stone of tremors
 A - a crystal ball of energy
Comestibles
 d - 19 bread rations
 g - 4 beef jerkies
 h - 3 meat rations


   Skills:
 + Level 8.1 Fighting
   Level 0.5 Short Blades
 + Level 4.1 Polearms
 - Level 5.0 Armour
 + Level 11.6 Dodging
 - Level 9.6 Stealth
 - Level 3.4 Shields
 - Level 0.1 Unarmed Combat
 * Level 12.1 Spellcasting
 + Level 9.7 Conjurations
 + Level 14.1 Necromancy
 * Level 2.9 Translocations
 - Level 4.7 Transmutations
 * Level 7.2 Fire Magic
 * Level 9.4 Earth Magic
 * Level 9.6 Invocations
 - Level 1.1 Evocations


You had 13 spell levels left.
You knew the following spells:

 Your Spells              Type           Power        Failure   Level  Hunger
a - Pain                  Necr           ####         1%          1    None
b - Vampiric Draining     Necr           ######....   1%          3    None
c - Animate Dead          Necr           N/A          1%          4    None
d - Iskenderun's Mystic   Conj           ######..     1%          4    None
e - Fireball              Conj/Fire      ######....   9%          5    ###....
f - Stoneskin             Trmt/Erth      ######..     1%          2    None
g - Bolt of Magma         Conj/Fire/Erth ######....   9%          5    ###....
h - Blink                 Tloc           N/A          4%          2    None


Dungeon Overview and Level Annotations

Branches:
Dungeon (15/15)            Temple (0/1) D:6            Lair (8/8) D:9
 Shoals (4/5) Lair:5       Spider (5/5) Lair:6        Slime (1/6) Lair:7
    Orc (4/4) D:10            Elf (0/3) Orc:4        Vaults (0/5) D:13
 Depths (1/5) D:15

Altars:
Dithmenos
Fedhas
Kikubaaqudgha
Nemelex Xobeh
Okawaru
Qazlal
Vehumet
Yredelemnul
Zin
The Shining One
Beogh

Shops:
D:6 *   D:15 :   Orc:4 *(:[   Shoals:1 (

Portals:
Hell: Depths:1
Abyss: Depths:1

Annotations:
Lair:4 exclusion: oklob plant


Innate Abilities, Weirdness & Mutations

You are resistant to damage.
You can recharge devices by infusing magical energy.
You resist negative energy.
You passively map the area around you.
You do not heal naturally.
You are clumsy. (Dex -2)
Your magical capacity is low (-10% MP).


Message History

Moving in this stuff is going to be slow.
An alligator snapping turtle is nearby!
The alligator snapping turtle hisses angrily.
Found 20 stones.
You block the alligator snapping turtle's attack.
The alligator snapping turtle bites you from afar!!
Your profane servitor hits the alligator snapping turtle with an enchanted whip!
Your profane servitor hits the alligator snapping turtle but does no damage.
You enter the shallow water.
Moving in this stuff is going to be slow.
Your profane servitor hits the alligator snapping turtle with an enchanted whip!!
Your profane servitor draws strength from the alligator snapping turtle's injuries!
Your profane servitor hits the alligator snapping turtle but does no damage.
The alligator snapping turtle bites you!!
* * * LOW HITPOINT WARNING * * *
Your profane servitor hits the alligator snapping turtle but does no damage.
Your profane servitor hits the alligator snapping turtle with an enchanted whip.
The alligator snapping turtle bites you!!!
You die...
Your body rises from the dead as a mindless zombie.

≈ ≈ ≈ ≈≈≈≈≈≈≈≈≈≈≈≈≈≈...≈
, , .≈≈≈≈≈≈≈≈≈..≈≈≈≈≈<..
≈ * ,
.##.≈≈..≈≈≈≈≈..≈.≈≈≈.. ≈
,
,.....≈≈≈..≈≈≈≈.....≈≈≈)
≈
≈≈PP..(≈≈...≈≈≈≈...≈≈≈..
,≈≈≈≈≈.P≈≈≈≈........≈....
≈≈≈≈..≈≈≈≈≈...###.≈.....
,
≈≈≈≈≈..t≈≈.≈...###≈≈.....
,
≈≈≈≈≈≈≈A@≈#####.#........
,
≈≈≈≈≈≈≈≈ZD.####....##....
* ≈
≈≈≈≈≈≈≈ZZ.#...........P.
*
≈≈≈≈≈≈≈≈≈nZZ..........(.
,
≈≈≈≈≈≈≈ZZ≈........>.#..Z
≈≈≈≈≈≈≈Z≈≈......≈...#Z.Z
≈ ≈≈≈
≈≈≈≈≈≈≈≈≈.###...≈.##.ZZ ≈
≈≈≈≈≈≈≈≈≈.# #...≈..###. ≈
≈≈≈≈≈≈≈≈.###ZZ≈≈...##.


You could see an alligator snapping turtle, a friendly bone dragon, a friendly
profane servitor, a friendly ghoul, a friendly manticore zombie, 6 friendly
merfolk zombies and a friendly merfolk zombie.

Vanquished Creatures
  Asterion (Spider:4)
  Rupert (Lair:5)
  An orc warlord (Orc:3)
  An emperor scorpion (Spider:5)
  Snorg (Lair:8)
  2 merfolk impalers
  3 vault guards (D:13)
  6 hydras
  3 centaur warriors
  A catoblepas (Lair:8)
  A deep troll shaman (Lair:8)
  A merfolk aquamancer (Shoals:1)
  5 death yaks (Lair:8)
  A sea snake (Shoals:2)
  2 orc knights
  4 hill giants
  Pikel (D:8)
  An orb spider (Spider:5)
  2 ugly things
  2 orc sorcerers (Orc:4)
  A griffon (Shoals:2)
  2 hornets
  A manticore (Shoals:2)
  A black mamba (Lair:8)
  4 wolf spiders
  A centaur zombie (D:12)
  2 elephants (Lair:8)
  A siren (Shoals:2)
  5 spiny frogs
  2 centaur skeletons
  8 komodo dragons
  A demonic crawler (Spider:1)
  2 yaktaurs (D:15)
  A polar bear (Lair:5)
  A wind drake (Shoals:2)
  8 merfolk
  3 tarantellas
  5 trolls
  A slime creature (D:13)
  4 two-headed ogres
  11 blink frogs
  2 basilisks
  3 trapdoor spiders
  4 jumping spiders
  10 redbacks
  A spriggan (D:8)
  8 water elementals
  13 yaks
  8 hippogriffs
  10 wolves
  A deep elf mage (D:11)
  3 wraiths
  A hog (Spider:1)
  2 vampire mosquitoes (D:14)
  A mottled dragon (D:15)
  A deep elf fighter (D:14)
  2 electric eels
  5 wargs
  6 water moccasins
  4 porcupines
  An eye of draining (D:12)
  3 phantoms
  5 ice beasts
  14 ogres
  3 spiders
  16 orc warriors
  3 wasps
  2 sky beasts
  8 crocodiles
  5 black bears
  A boring beetle (Lair:7)
  4 centaurs
  10 giant frogs
  Duvessa (D:8)
  2 water moccasin zombies (Ossuary)
  4 scorpions
  A wight (D:14)
  A wyvern skeleton (D:7)
  6 killer bees (D:14)
  Dowan (D:8)
  4 crimson imps
  2 giant frog zombies
  3 goliath beetles
  5 hounds
  A wasp zombie (D:8)
  5 iguanas
  3 jellies
  18 orc priests
  A giant frog skeleton (D:5)
  22 orc wizards
  16 sheep
  6 worker ants
  A killer bee zombie (D:8)
  3 big kobold zombies (Ossuary)
  A hound skeleton (D:6)
  4 mummies
  7 gnolls
  22 adders
  3 giant mites
  6 river rats
  4 shadow imps
  3 worms
  An adder skeleton (D:5)
  3 adder zombies (Ossuary)
  6 giant geckos
  2 oozes
  133 orcs
  7 giant cockroaches
  2 gnoll zombies (Ossuary)
  20 hobgoblins
  16 jackals
  8 quokkas
  2 ball pythons (D:3)
  15 bats
  7 giant newts
  14 goblins
  2 hobgoblin zombies (Ossuary)
  11 kobolds
  6 kobold zombies (Ossuary)
  3 orc zombies (Ossuary)
  A quokka zombie (D:9)
  13 rats
  A bush (Lair:4)
  A fungus (D:14)
  2 plants
697 creatures vanquished.

Vanquished Creatures (collateral kills)
  A kraken (Shoals:2)
  An octopode crusher (Shoals:4)
  Agnes (Shoals:1)
  Kirke (Spider:1)
  The ghost of Rayvis the Severer, a mighty DsFi of Makhleb (Spider:5)
  3 ghost moths (Spider:5)
  4 emperor scorpions
  Gastronok (Lair:2)
  An ettin (Orc:4)
  2 merfolk javelineers (Shoals:4)
  A minotaur (shapeshifter) (D:15)
  2 merfolk impalers (Shoals:4)
  Josephine (D:10)
  2 ogre magi (D:15)
  4 hydras
  5 vault guards (D:13)
  A centaur warrior (D:15)
  Erica (Orc:3)
  A merfolk avatar (Shoals:4)
  An alligator snapping turtle (Shoals:3)
  2 tengu warriors (D:15)
  4 death yaks
  An orc high priest (Orc:4)
  5 sea snakes
  A giant orange brain (D:13)
  A deep troll (D:15)
  4 unseen horrors
  11 harpies
  An orc knight (Orc:4)
  5 hornets
  2 hill giants
  31 wolf spiders
  14 orb spiders
  A wizard (D:14)
  2 cyclopes (D:14)
  3 water nymphs
  3 elephants (Lair:7)
  6 sirens
  14 ugly things
  4 centaur zombies
  7 griffons
  An oklob plant (Lair:7)
  4 manticores
  3 drowned souls (Shoals:4)
  Joseph (Lair:1)
  A centaur skeleton (D:14)
  A torpor snail (Spider:3)
  A rust devil (D:12)
  An orange demon (Orc:4)
  A black mamba (Lair:8)
  4 spiny frogs
  A kobold demonologist (D:12)
  12 komodo dragons
  3 yaktaurs (D:15)
  A fire drake (Lair:7)
  2 tengu conjurers (D:14)
  A queen bee (D:14)
  2 trolls (D:15)
  16 demonic crawlers
  A snapping turtle (Shoals:2)
  23 merfolk
  3 slime creatures (D:13)
  2 wind drakes
  A blink frog (shapeshifter) (D:13)
  10 jumping spiders
  2 boulder beetles
  A polar bear (Lair:8)
  2 two-headed ogres
  A raven (D:14)
  3 basilisks
  8 tarantellas
  14 redbacks
  17 trapdoor spiders
  A hornet zombie (D:14)
  8 blink frogs
  4 water elementals
  17 yaks
  A vampire mosquito (D:14)
  2 wyverns (D:13)
  5 wraiths
  2 hogs (Spider:1)
  Grum (D:9)
  12 wolves
  4 hippogriffs
  2 hungry ghosts
  4 wargs
  11 water moccasins
  A mottled dragon (D:11)
  11 orc warriors
  6 porcupines
  2 ice beasts
  10 spiders
  2 slaves (D:8)
  2 centaurs (D:15)
  7 ogres
  4 wasps
  2 boring beetles
  4 brain worms (D:13)
  A big kobold (D:12)
  10 crocodiles
  9 giant frogs
  3 scorpions
  A wyvern skeleton (D:12)
  4 wights (D:14)
  17 killer bees (D:14)
  A yak zombie (Lair:7)
  A giant mite (Lair:6)
  5 crimson imps
  An electric eel (Spider:4)
  3 hounds (Lair:5)
  2 goliath beetles
  3 jellies
  A quasit (D:12)
  A giant frog zombie (D:13)
  10 orc wizards
  8 orc priests
  An iguana (Lair:2)
  19 sheep
  3 worker ants
  17 river rats
  4 adders
  A worm (Lair:6)
  3 shadow imps
  76 orcs
  A giant cockroach (D:6)
  6 hobgoblins
  4 quokkas
  2 bats
  A goblin (Orc:1)
  A jackal (D:4)
  3 kobolds
  An orc zombie (D:12)
  A rat (D:10)
  A bush (Lair:7)
  9 fungi
  19 plants
680 creatures vanquished.

Vanquished Creatures (others)
  2 bone dragons (Spider:5)
  2 death cobs
  A skeletal warrior (Orc:4)
  3 flayed ghosts
  A wolf spider zombie (Spider:4)
  5 phantasmal warriors
  3 drowned souls (Shoals:4)
  5 death yak zombies
  A redback zombie (Spider:1)
  A death yak skeleton (Lair:8)
  A merfolk (Shoals:4)
  Blork the orc (Orc:4)
  A trapdoor spider zombie (Spider:5)
  A deep troll zombie (Lair:8)
  A tarantella zombie (Spider:5)
  10 flying skulls
  2 wraiths
  A fire elemental (Orc:4)
  A black mamba zombie (Lair:8)
  A griffon skeleton (Shoals:2)
  7 vampires
  2 orb spider zombies (Spider:5)
  A spiny frog zombie (Lair:1)
  A tengu skeleton (D:15)
  A manticore zombie (Shoals:2)
  A human zombie (Orc:3)
  An elephant zombie (Lair:8)
  4 blink frog zombies
  A blink frog skeleton (Lair:2)
  A fire drake zombie (Lair:7)
  2 troll zombies
  3 komodo dragon zombies
  2 water moccasin zombies
  A spider zombie (Spider:3)
  2 elf skeletons (Lair:8)
  2 killer bees (D:14)
  2 hippogriff zombies
  7 yak zombies
  A troll skeleton (D:15)
  2 yak skeletons
  4 wolf zombies
  A giant frog zombie (Lair:7)
  2 centaur zombies
  A black bear zombie (Lair:8)
  A boring beetle zombie (Lair:7)
  A wolf skeleton (D:9)
  An orc priest (Orc:1)
  2 human skeletons (Lair:8)
  A porcupine skeleton (Lair:1)
  9 killer bee zombies (D:14)
  2 ogre zombies
  2 crocodile zombies
  2 ogre skeletons
  5 dwarf skeletons (Lair:8)
  A naga skeleton (Lair:8)
  A hound zombie (Lair:5)
  2 mummies
  A goliath beetle zombie (Lair:6)
  An electric eel zombie (Spider:4)
  An elf zombie (D:8)
  6 sheep zombies
  4 adder zombies
  44 orc zombies
  A sheep skeleton (Lair:3)
  A bat skeleton (D:7)
  A gnoll skeleton (D:4)
  A gnoll zombie (D:4)
  A hobgoblin (D:4)
  2 hobgoblin zombies
  A jackal zombie (D:4)
  2 kobold zombies
  9 orc skeletons
  A quokka zombie (Lair:1)
  A rat skeleton (D:8)
  5 river rat zombies
  10 fungi
  8 plants
  4 tentacles (Shoals:2)
231 creatures vanquished.

Grand Total: 1608 creatures vanquished

Notes
Turn   | Place    | Note
--------------------------------------------------------------
     0 | D:1      | Xorborg, the Deep Dwarf Necromancer, began the quest for the Orb.
     0 | D:1      | Reached XP level 1. HP: 15/15 MP: 2/2
   336 | D:1      | Reached XP level 2. HP: 16/22 MP: 0/3
  1148 | D:2      | Reached XP level 3. HP: 28/28 MP: 1/5
  1233 | D:2      | Learned a level 3 spell: Vampiric Draining
  1322 | D:2      | Reached skill level 5 in Necromancy
  1325 | D:2      | Reached XP level 4. HP: 30/36 MP: 0/7
  1462 | D:2      | Reached skill level 1 in Armour
  1879 | D:3      | You fall through a shaft for 2 floors!
  1879 | D:5      | Entered Level 5 of the Dungeon
  1955 | D:3      | Reached XP level 5. HP: 33/42 MP: 0/9
  2841 | D:4      | Reached XP level 6. HP: 37/50 MP: 1/12
  2986 | D:4      | Found a basalt altar of Yredelemnul.
  2987 | D:4      | Noticed a profane servitor
  2999 | D:4      | Became a worshipper of Yredelemnul the Dark
  3008 | D:4      | Found a glowing golden altar of the Shining One.
  3009 | D:4      | Noticed an angel
  3115 | D:4      | Learned a level 4 spell: Animate Dead
  3329 | D:4      | Noticed a giant frog
  3338 | D:4      | Killed a giant frog
  3338 | D:4      | Reached skill level 6 in Necromancy
  3372 | D:4      | Noticed an ogre
  3427 | D:4      | Killed an ogre
  3427 | D:4      | Reached skill level 1 in Fighting
  3427 | D:4      | Reached XP level 7. HP: 54/57 MP: 9/15
  3786 | D:4      | Got a heavily runed leather armour
  3797 | D:4      | Identified the +5 leather armour of the Storm King {Dex+4} (You found it on level 4 of the Dungeon)
  3807 | D:4      | Noticed a phantom
  3862 | D:4      | Killed a phantom
  3862 | D:4      | Reached skill level 1 in Evocations
  4044 | D:5      | Reached skill level 1 in Polearms
  4195 | D:5      | Noticed a sky beast
  4209 | D:5      | Killed a sky beast
  4216 | D:5      | Noticed an ice beast
  4229 | D:5      | Killed an ice beast
  4229 | D:5      | Reached skill level 5 in Dodging
  4408 | D:5      | Noticed an ogre
  4416 | D:5      | Killed an ogre
  4416 | D:5      | Reached XP level 8. HP: 38/66 MP: 17/18
  4482 | D:5      | Acquired Yredelemnul's first power
  4736 | D:5      | Reached skill level 7 in Necromancy
  4857 | D:5      | Noticed a water moccasin
  4863 | D:5      | Killed a water moccasin
  5144 | D:6      | Reached skill level 5 in Spellcasting
  5203 | D:6      | Found Wistis' Assorted Antiques.
  5240 | D:6      | Bought a smoky pink potion for 22 gold pieces
  5240 | D:6      | Bought a scroll labeled JOEH PYHESHO for 25 gold pieces
  5240 | D:6      | Bought a smoky grey potion for 22 gold pieces
  5240 | D:6      | Bought a silver wand for 100 gold pieces
  5240 | D:6      | Bought a scroll labeled GRYPLA KLAMY for 25 gold pieces
  5240 | D:6      | Bought a scroll labeled JOEH PYHESHO for 25 gold pieces
  5292 | D:6      | Found a staircase to the Ecumenical Temple.
  5506 | D:6      | Reached skill level 8 in Necromancy
  5820 | D:6      | Acquired Yredelemnul's second power
  6032 | D:6      | Gained mutation: You passively map the area around you. [level up]
  6032 | D:6      | Reached XP level 9. HP: 68/73 MP: 20/21
  6787 | D:7      | Found a shadowy altar of Dithmenos.
  6797 | D:7      | Noticed a centaur skeleton
  6820 | D:7      | Killed a centaur skeleton
  6863 | D:7      | Learned a level 2 spell: Searing Ray
  7221 | D:8      | Noticed Duvessa
  7222 | D:8      | Noticed Dowan
  7228 | D:8      | Killed Duvessa
  7228 | D:8      | Reached skill level 9 in Necromancy
  7239 | D:8      | Killed Dowan
  7279 | D:8      | Found a sand-covered staircase.
  7288 | Ossuary  | Entered an ossuary
  7604 | D:8      | Found a glowing silver altar of Zin.
  7618 | D:8      | Found an ancient bone altar of Kikubaaqudgha.
  7718 | D:8      | Found a radiant altar of Vehumet.
  7724 | D:8      | Found a sparkling altar of Nemelex Xobeh.
  7724 | D:8      | Found a stormy altar of Qazlal.
  7782 | D:8      | Your ally Dowan died
  8039 | D:8      | Noticed Pikel
  8053 | D:8      | Killed Pikel
  8053 | D:8      | Reached XP level 10. HP: 67/85 MP: 22/24
  8405 | D:9      | Gained mutation: You passively map a large area around you. [potion of mutation]
  8405 | D:9      | Gained mutation: You can breathe flames. [potion of mutation]
  8405 | D:9      | Gained mutation: Your body is slowly deteriorating. [potion of mutation]
  8606 | D:9      | Reached skill level 1 in Conjurations
  8773 | D:9      | Acquired Yredelemnul's third power
  8888 | D:9      | Found a staircase to the Lair.
  8928 | Lair:1   | Entered Level 1 of the Lair of Beasts
  8952 | D:9      | Reached skill level 10 in Necromancy
  9172 | Lair:1   | Learned a level 4 spell: Iskenderun's Mystic Blast
  9379 | Lair:1   | Reached skill level 5 in Stealth
  9533 | Lair:1   | Reached XP level 11. HP: 76/93 MP: 7/27
  9673 | Lair:1   | Noticed Joseph
  9692 | Lair:1   | Killed Joseph
  9772 | Lair:1   | Reached skill level 5 in Fighting
  9796 | Lair:1   | Noticed a death yak
  9810 | Lair:1   | Killed a death yak
  9954 | Lair:2   | Noticed a seven-headed hydra
 10041 | Lair:2   | Acquired Yredelemnul's fourth power
 10223 | Lair:2   | Noticed Gastronok
 10397 | Lair:2   | Got a transparent leather armour
 10398 | Lair:2   | Identified the +1 leather armour of the Country {-Tele rElec rCorr Stlth+} (You found it on level 2 of the Lair of Beasts)
 10505 | Lair:2   | Killed Gastronok
 10505 | Lair:2   | Reached skill level 11 in Necromancy
 10682 | Lair:2   | Killed a seven-headed hydra
 11155 | Lair:3   | Received a gift from Yredelemnul
 11625 | Lair:3   | Got a jewelled ring mail
 11626 | Lair:3   | Identified the cursed -2 ring mail of Infinity {rElec rPois Str+3} (You found it on level 3 of the Lair of Beasts)
 12218 | Lair:3   | Received a gift from Yredelemnul
 12332 | Lair:4   | Gained mutation: Your mind is acute. (Int +2) [potion of beneficial mutation]
 12343 | Lair:4   | Lost mutation: Your mind is acute. (Int +2) [potion of cure mutation]
 12343 | Lair:4   | Lost mutation: Your body is slowly deteriorating. [potion of cure mutation]
 12343 | Lair:4   | Lost mutation: You passively map a large area around you. [potion of cure mutation]
 12343 | Lair:4   | Lost mutation: You can breathe flames. [potion of cure mutation]
 12384 | Lair:4   | Reached skill level 5 in Conjurations
 12429 | Lair:4   | Found a blossoming altar of Fedhas.
 13417 | Lair:5   | Reached XP level 12. HP: 104/104 MP: 29/29
 13502 | Lair:5   | Found a staircase to the Shoals.
 13584 | Shoals:1 | Entered Level 1 of the Shoals
 13723 | Lair:5   | Noticed Rupert
 13743 | Lair:5   | Killed Rupert
 13973 | Lair:5   | Received a gift from Yredelemnul
 14164 | Lair:5   | Noticed a five-headed hydra
 14175 | Lair:5   | Killed a five-headed hydra
 15174 | Lair:6   | Found a hole to the Spider Nest.
 15208 | Lair:6   | Reached skill level 12 in Necromancy
 15216 | Lair:6   | Received a gift from Yredelemnul
 15254 | Spider:1 | Entered Level 1 of the Spider Nest
 15708 | Lair:6   | Acquired Yredelemnul's fifth power
 15923 | Lair:6   | Received a gift from Yredelemnul
 17103 | Lair:7   | Found a staircase to the Slime Pits.
 17126 | Slime:1  | Entered Level 1 of the Pits of Slime
 17126 | Slime:1  | Noticed an azure jelly
 17400 | Lair:8   | Entered Level 8 of the Lair of Beasts
 17403 | Lair:8   | Reached skill level 10 in Dodging
 17507 | Lair:8   | Noticed Snorg
 17519 | Lair:8   | Killed Snorg
 17538 | Lair:8   | Your ally Snorg died
 17540 | Lair:8   | Reached XP level 13. HP: 83/114 MP: 3/31
 17579 | Lair:7   | Reached skill level 1 in Invocations
 17626 | Lair:8   | Received a gift from Yredelemnul
 17771 | Lair:8   | Learned a level 5 spell: Fireball
 17804 | Lair:8   | Noticed a seven-headed hydra
 17813 | Lair:8   | Killed a seven-headed hydra
 17813 | Lair:8   | Reached skill level 10 in Spellcasting
 17901 | Lair:8   | Noticed an eight-headed hydra
 17914 | Lair:8   | Killed an eight-headed hydra
 17941 | Lair:8   | Received a gift from Yredelemnul
 18174 | Lair:8   | Reached skill level 1 in Fire Magic
 18691 | Lair:8   | Received a gift from Yredelemnul
 18740 | Lair:8   | Noticed a catoblepas
 18863 | Lair:8   | Killed a catoblepas
 18991 | Lair:8   | Noticed a seven-headed hydra
 19001 | Lair:8   | Killed a seven-headed hydra
 19540 | Lair:1   | Learned a level 2 spell: Stoneskin
 19741 | D:10     | Entered Level 10 of the Dungeon
 19741 | D:10     | Noticed Grum
 19813 | D:9      | Killed Grum
 19951 | D:10     | Found a staircase to the Orcish Mines.
 20115 | D:10     | Reached skill level 1 in Earth Magic
 20134 | D:10     | Received a gift from Yredelemnul
 20178 | D:10     | Noticed Josephine
 20188 | D:10     | Reached skill level 13 in Necromancy
 20307 | Orc:1    | Entered Level 1 of the Orcish Mines
 20722 | Orc:1    | Reached skill level 1 in Transmutations
 21020 | Orc:1    | Received a gift from Yredelemnul
 21437 | Orc:2    | Received a gift from Yredelemnul
 21997 | Orc:3    | Noticed Erica
 22004 | Orc:2    | Received a gift from Yredelemnul
 22037 | Orc:3    | Received a gift from Yredelemnul
 22044 | Orc:3    | Killed Erica
 22184 | Orc:3    | Received a gift from Yredelemnul
 22361 | Orc:3    | Received a gift from Yredelemnul
 22642 | Orc:4    | Entered Level 4 of the Orcish Mines
 22642 | Orc:4    | Found a staircase to the Elven Halls.
 22961 | Orc:4    | Noticed an orc warlord
 22988 | Orc:4    | Gained mutation: You resist negative energy. [level up]
 22988 | Orc:4    | Reached XP level 14. HP: 74/123 MP: 30/31
 23137 | Orc:3    | Killed an orc warlord
 23173 | Orc:4    | Received a gift from Yredelemnul
 23174 | Orc:4    | Found an iron altar of Okawaru.
 23523 | Orc:4    | Noticed Blork the orc
 23536 | Orc:4    | Killed Blork the orc
 23687 | Orc:4    | Found a roughly hewn altar of Beogh.
 23773 | Orc:3    | Your ally Erica died
 24108 | Orc:4    | Found Riraekh's General Store.
 24114 | Orc:4    | Bought a scroll of remove curse for 39 gold pieces
 24161 | Orc:4    | Found Priej's Antique Weapon Boutique.
 24167 | Orc:4    | Bought a runed demon whip for 360 gold pieces
 24278 | Orc:4    | Found Paniset's Book Boutique.
 24285 | Orc:4    | Bought a book of Power for 675 gold pieces
 24331 | Orc:4    | Learned a level 5 spell: Bolt of Magma
 24467 | Orc:4    | Found Eguorob's Antique Armour Boutique.
 24473 | Orc:4    | Bought an encrusted scale mail for 261 gold pieces
 24473 | Orc:4    | Bought an encrusted chain mail for 275 gold pieces
 24667 | Lair:1   | Identified the +2 scale mail "Plecynwu" {Contam rN+ Regen+ Dex+5} (You bought it in a shop on level 4 of the Orcish Mines)
 24689 | Lair:1   | Identified the cursed -5 chain mail "Wabb" {Str+4 Int+5 Slay-3 SInv} (You bought it in a shop on level 4 of the Orcish Mines)
 24720 | Lair:1   | Gained mutation: Your magical capacity is low (-10% MP). [mutagenic glow]
 24916 | D:10     | Received a gift from Yredelemnul
 24943 | D:10     | Killed Josephine
 24943 | D:10     | Reached skill level 5 in Invocations
 25611 | D:11     | Got a shimmering ring mail
 25622 | D:11     | Identified the +2 ring mail of Hysteria {+Inv} (You found it on level 11 of the Dungeon)
 25660 | D:11     | Gained mutation: You are clumsy. (Dex -2) [mutagenic glow]
 25975 | D:12     | Received a gift from Yredelemnul
 26559 | D:13     | Received a gift from Yredelemnul
 26941 | D:13     | Found a gate to the Vaults.
 26946 | D:13     | Received a gift from Yredelemnul
 27276 | D:13     | Received a gift from Yredelemnul
 27908 | Orc:4    | Bought a potion of restore abilities for 65 gold pieces
 28258 | D:14     | Received a gift from Yredelemnul
 28265 | D:14     | Reached skill level 5 in Earth Magic
 28820 | D:14     | Reached skill level 1 in Shields
 28865 | D:14     | Reached XP level 15. HP: 80/130 MP: 29/29
 29347 | D:15     | Entered Level 15 of the Dungeon
 29354 | D:15     | Got an ancient hand axe
 29481 | D:15     | Received a gift from Yredelemnul
 29823 | D:15     | Found Wesuagiosa's Book Emporium.
 29966 | D:15     | Found a staircase to the Depths.
 30289 | Depths:1 | Entered Level 1 of the Depths
 30310 | Depths:1 | Found a gateway to Hell.
 30328 | Depths:1 | Found a one-way gate to the infinite horrors of the Abyss.
 30618 | Lair:2   | Identified the +1 hand axe "Schocascheili" {venom, rF+ rC+ Str+4 Dex-5} (You found it on level 15 of the Dungeon)
 30796 | Lair:4   | Noticed a five-headed hydra
 30804 | Lair:4   | Killed a five-headed hydra
 30804 | Lair:4   | Reached skill level 5 in Fire Magic
 30804 | Lair:4   | Received a gift from Yredelemnul
 31303 | Spider:1 | Noticed an emperor scorpion
 31321 | Spider:1 | Killed an emperor scorpion
 31338 | Spider:1 | Noticed Kirke
 31346 | Spider:1 | Killed Kirke
 31374 | Spider:1 | Received a gift from Yredelemnul
 31567 | Spider:2 | Received a gift from Yredelemnul
 32471 | Spider:3 | Received a gift from Yredelemnul
 33249 | Lair:5   | Received a gift from Yredelemnul
 33934 | Spider:5 | Entered Level 5 of the Spider Nest
 33939 | Spider:5 | Noticed Asterion
 33943 | Spider:5 | Noticed Rayvis' ghost (mighty DsFi)
 33973 | Spider:4 | Received a gift from Yredelemnul
 34187 | Spider:5 | Killed Rayvis' ghost
 34196 | Spider:4 | Killed Asterion
 34548 | Spider:5 | Reached skill level 5 in Armour
 34548 | Spider:5 | Reached XP level 16. HP: 127/139 MP: 30/30
 34845 | Spider:5 | Got a gossamer rune of Zot
 35313 | Lair:1   | Learned a level 2 spell: Blink
 35986 | Shoals:1 | Noticed Agnes
 35992 | Shoals:1 | Killed Agnes
 35995 | Shoals:1 | Noticed a merfolk aquamancer
 36003 | Shoals:1 | Killed a merfolk aquamancer
 36008 | Shoals:1 | Reached skill level 1 in Translocations
 36311 | Shoals:1 | Found Oshroamoy's Weapon Shop.
 36419 | Shoals:1 | Received a gift from Yredelemnul
 36714 | Shoals:2 | Reached skill level 14 in Necromancy
 37431 | Shoals:4 | Received a gift from Yredelemnul
 37719 | Shoals:4 | Received a gift from Yredelemnul
 37799 | Shoals:4 | Mangled by an alligator snapping turtle

Action                   |  1- 3 |  4- 6 |  7- 9 | 10-12 | 13-15 | 16-18 || total
-------------------------+-------+-------+-------+-------+-------+-------++-------
Melee: Unarmed           |    49 |       |       |       |       |       ||    49
       Dagger            |   114 |   195 |       |       |       |       ||   309
       Club              |     2 |       |       |       |       |       ||     2
       Trident           |       |    27 |   563 |   711 |   928 |    36 ||  2265
       Staff             |       |       |       |    38 |       |       ||    38
Throw: Javelin           |       |       |       |     7 |     4 |       ||    11
 Cast: Pain              |    36 |    54 |    54 |   211 |   254 |    25 ||   634
       Vampiric Draining |       |    37 |    93 |   254 |   479 |    49 ||   912
       Animate Dead      |       |     1 |    14 |    44 |    89 |    12 ||   160
       Searing Ray       |       |       |     1 |       |       |       ||     1
       Iskenderun's Myst |       |       |       |     7 |    37 |     5 ||    49
       Fireball          |       |       |       |       |    59 |    27 ||    86
       Stoneskin         |       |       |       |       |    34 |     5 ||    39
       Bolt of Magma     |       |       |       |       |    43 |    41 ||    84
       Blink             |       |       |       |       |       |     1 ||     1
Invok: Animate Dead      |       |       |       |     1 |     1 |       ||     2
       Injury Mirror     |       |       |       |     2 |     2 |       ||     4
       Recall Undead Sla |       |       |       |       |     5 |       ||     5
 Abil: Device Recharging |       |       |       |       |     1 |       ||     1
Evoke: Wand              |     2 |     3 |     1 |     1 |    20 |     2 ||    29
       Lamp of fire      |       |       |       |       |     1 |       ||     1
  Use: Scroll            |       |     7 |    11 |     8 |    20 |       ||    46
       Potion            |       |       |       |    18 |     8 |     2 ||    28
 Stab: Sleeping          |       |     1 |     5 |     9 |     5 |     3 ||    23
       Distracted        |       |     1 |     1 |     8 |     7 |     1 ||    18
       Confused          |       |       |       |       |     2 |       ||     2
  Eat: Chunk             |     2 |    11 |    23 |    22 |    28 |     5 ||    91
       Fruit             |       |       |     1 |     2 |     4 |       ||     7
       Royal jelly       |       |       |       |     1 |     2 |       ||     3
       Bread ration      |       |       |       |     2 |     1 |       ||     3
       Beef jerky        |       |       |       |     1 |     1 |       ||     2
       Pizza             |       |       |       |     1 |     1 |     1 ||     3
       Meat ration       |       |       |       |       |     6 |     2 ||     8
